 Dungeon Crawl Stone Soup version 0.27.0-1-g7a089689b8 (webtiles) character file.

Game seed: 13956912464266021287

1773 dolemite99 the Frost Mage (level 9, -1/74 HPs)
             Began as an Ogre Ice Elementalist on Aug 4, 2021.
             Was a Priest of Okawaru.
             Slain by a slime creature (21 damage)
             ... on level 6 of the Dungeon.
             The game lasted 00:10:37 (8765 turns).

dolemite99 the Frost Mage (Ogre Ice Elementalist)   Turns: 8765, Time: 00:10:38

Health: -1/74      AC:  3    Str: 16    XL:     9   Next: 7%
Magic:  9/12       EV: 10    Int: 17    God:    Okawaru [***...]
Gold:   186        SH:  0    Dex: 15    Spells: 5/12 levels left

rFire    . . .     SeeInvis .   C - -2 eveningstar (venom)
rCold    . . .     Faith    .   (no shield)
rNeg     . . .     Spirit   .   a - +0 robe
rPois    +         Reflect  .   (helmet restricted)
rElec    .         Harm     .   (no cloak)
rCorr    .         Rampage  .   (gloves unavailable)
Will     .....                  (boots unavailable)
Stlth    ++........             (no amulet)
HPRegen  0.22/turn              k - +6 ring of dexterity
MPRegen  0.13/turn              h - ring of wizardry

@: freezing walls
A: large, unfitting armour, tough skin 1, poison resistance
a: Renounce Religion, Heroism


You were on level 6 of the Dungeon.
You worshipped Okawaru.
Okawaru was most pleased with you.
You visited 1 branch of the dungeon, and saw 7 of its levels.

You collected 186 gold pieces.

Inventory:

Hand Weapons
 e - a +0 club
 q - a +0 dagger
 y - a +0 quarterstaff
 C - a -2 eveningstar of venom (weapon)
Missiles
 b - 87 sling bullets
 c - 120 arrows
 f - 5 boomerangs (quivered)
 l - 21 poisoned darts
 t - 93 stones
 u - 44 bolts
Armour
 a - a +0 robe (worn)
Jewellery
 g - a ring of protection from cold
 h - a ring of wizardry (right hand)
 k - a +6 ring of dexterity (left hand)
Wands
 r - a wand of iceblast (16)
Scrolls
 i - a scroll of torment
 n - 5 scrolls of enchant armour
 s - 3 scrolls of teleportation
 F - a scroll of vulnerability
Potions
 d - 4 potions of flight
 o - a potion of might {unknown}
 v - 2 potions of magic {unknown}
 w - a potion of mutation
 x - a potion of haste {unknown}
 B - 2 potions of lignification {unknown}
 E - a potion of resistance {unknown}


   Skills:
 - Level 6.6 Throwing
 - Level 1.7 Dodging
 - Level 1.4 Stealth
 - Level 2.4 Spellcasting
 + Level 9.2 Ice Magic


You had 5 spell levels left.
You knew the following spells:

 Your Spells              Type           Power      Damage    Failure   Level
a - Freeze                Ice            100%       1d11      1%          1
b - Frozen Ramparts       Ice            66%        1d8       1%          3
c - Ozocubu's Armour      Ice            33%        N/A       1%          3

Your spell library contained the following spells:

 Spells                   Type           Power      Damage    Failure   Level
 Hailstorm                Conj/Ice       17%        3d6       12%         4


Dungeon Overview and Level Annotations

Branches:
Dungeon (7/15)             Temple (0/1) D:4

Altars:
Okawaru
Ru

Shops:
D:4 [

Annotations:
D:5 3 runed translucent doors, fiver49's ghost, novice FoWr


Innate Abilities, Weirdness & Mutations

You are too large for most types of armour.
You have tough skin. (AC +1)
Your system is resistant to poisons. (rPois)


Message History

There is a stone staircase leading up, spattered with blood here.
The large slime creature hits you!!
* * * LOW HITPOINT WARNING * * *
Two slime creatures merge to form a very large slime creature.
You climb upwards.
There is a stone staircase leading down here.
The very large slime creature looks more healthy.
Casting: Freeze (safe; 1% risk of failure)
Confirm with . or Enter, or press ? or * to list all spells.
Casting: Frozen Ramparts (safe; 1% risk of failure)
Press: ? - help, Dir - look around, f - activate The walls around you are covered in ice.
Throw: 5 boomerangs
Press: ? - help, Q - select action, (/) - cycle Shift-Dir - straight line, f - slime creature
Aim: a slime creature (83% to hit)
You throw a boomerang. The boomerang hits the slime creature!
The slime creature is moderately wounded.
Aiming: Iceblast
Press: ? - help, Shift-Dir - straight line, f/p - slime creature
Aim: a slime creature (lightly wounded)
The mass of ice explodes!
The iceblast engulfs the slime creature!
The slime creature is moderately wounded.
Aiming: Iceblast
Press: ? - help, Shift-Dir - straight line, f/p - slime creature
Aim: a slime creature (moderately wounded)
The mass of ice explodes!
The iceblast engulfs the slime creature!
The slime creature is heavily wounded.
The wall freezes the slime creature.
Aiming: Iceblast
Press: ? - help, Shift-Dir - straight line, f/p - slime creature
Aim: a slime creature (heavily wounded)
The mass of ice explodes!
The iceblast engulfs the slime creature!
The slime creature is severely wounded.
The wall freezes the slime creature!
You feel better.
The wall freezes the slime creature.
The slime creature hits you!!
You die...

..## ##.......## #.# #..#
##.........## ##.#
##J###>..####....####.##
#......## ###......##
##....## ###...## # #...##
##### ####.## #####
..#...############...#######
...............J@..........#
.............####......#####
############## ####.###
##### ##..### #.....#
##...### ####### ##...##
......##### ###....#


You could see a slime creature.

Vanquished Creatures
  Eustachio (D:4)
  An ice beast (D:6)
  A black bear (D:5)
  2 necrophages
  A centaur (D:5)
  An ogre (D:6)
  A bullfrog (D:6)
  4 scorpions (D:5)
  2 water moccasin skeletons (D:6)
  A bullfrog zombie (D:5)
  A centaur zombie (D:5)
  A gnoll shaman (D:6)
  A jelly (D:5)
  2 orc priests (D:5)
  A centaur skeleton (D:6)
  5 iguanas
  3 orc wizards
  7 gnolls
  15 adders
  An adder zombie (D:5)
  16 orcs
  7 ball pythons
  4 endoplasms
  5 giant cockroaches
  6 hobgoblins
  12 jackals
  2 quokkas
  5 bats
  2 frilled lizards
  8 goblins
  3 kobolds
  7 rats
129 creatures vanquished.

Vanquished Creatures (others)
  12 fungi
  9 plants
21 creatures vanquished.

Grand Total: 150 creatures vanquished

Notes
Turn   | Place    | Note
-------+----------+-------------------------------------------
     0 | D:1      | dolemite99 the Ogre Ice Elementalist began the quest for
                  | the Orb.
     0 | D:1      | Reached XP level 1. HP: 16/16 MP: 3/3
   348 | D:1      | Reached skill level 4 in Ice Magic
   348 | D:1      | Reached XP level 2. HP: 24/24 MP: 5/5
   758 | D:1      | Reached XP level 3. HP: 31/31 MP: 2/6
  1343 | D:2      | Reached skill level 5 in Ice Magic
  1344 | D:2      | Reached XP level 4. HP: 39/39 MP: 2/7
  1618 | D:1      | Learned a level 3 spell: Frozen Ramparts
  1752 | D:2      | Reached skill level 1 in Throwing
  2216 | D:2      | Found a faded altar of an unknown god.
  2293 | D:2      | Became a worshipper of Warmaster Okawaru
  2293 | D:2      | Reached * piety under Okawaru
  2398 | D:2      | Reached XP level 5. HP: 44/45 MP: 5/8
  2831 | D:3      | Found a sacrificial altar of Ru.
  3749 | D:3      | Learned a level 1 spell: Freeze
  3760 | D:4      | Noticed a necrophage
  3786 | D:4      | Killed a necrophage
  3787 | D:4      | Reached XP level 6. HP: 9/53 MP: 2/9
  4154 | D:4      | Found Nexes's Armour Boutique.
  4648 | D:4      | Found a staircase to the Ecumenical Temple.
  4653 | D:4      | Learned a level 3 spell: Ozocubu's Armour
  4734 | D:4      | Noticed Eustachio
  4751 | D:4      | Killed Eustachio
  4751 | D:4      | Reached ** piety under Okawaru
  4752 | D:4      | Reached skill level 5 in Throwing
  4752 | D:4      | Reached XP level 7. HP: 48/59 MP: 0/10
  5074 | D:5      | Entered Level 5 of the Dungeon
  5684 | D:5      | Reached skill level 6 in Ice Magic
  5871 | D:5      | Reached XP level 8. HP: 60/67 MP: 7/11
  6136 | D:5      | Found a runed translucent gate.
  6136 | D:5      | Found a runed translucent gate.
  6136 | D:5      | Found a runed translucent gate.
  6160 | D:5      | Noticed fiver49's ghost (novice FoWr)
  6241 | D:5      | Reached *** piety under Okawaru
  6242 | D:5      | Reached skill level 7 in Ice Magic
  7507 | D:6      | Reached skill level 8 in Ice Magic
  8153 | D:6      | Gained mutation: Your system is resistant to poisons.
                  | (rPois) [potion of mutation]
  8158 | D:6      | Reached skill level 9 in Ice Magic
  8158 | D:6      | Reached XP level 9. HP: 68/74 MP: 5/12
  8716 | D:7      | HP: 1/74 [large slime creature (32)]
  8765 | D:6      | Slain by a slime creature

Illustrated notes

Levels and vault maps discovered:
D:1:      saegor_arrival_simple_e, layout_rooms
D:2:      layout_rooms, dreamdust_ecumenical_altar_grove
D:3:      layout_loops_ring, nicolae_ru_path_of_blood
D:4:      layout_basic, temple_fountains, serial_shops, nicolae_shop_waterfront,
          uniq_eustachio
D:5:      old_forge, layout_loops_ring, gammafunk_ghost_necromancy
D:6:      layout_layer_cave
D:7:      layout_basic, nemelex_diamond_rough_becter,
          minmay_overflow_temple_star_quad, gammafunk_ghost_necromancy,
          enter_bailey_3

Skill      XL: |  1  2  3  4  5  6  7  8 |
---------------+-------------------------+-----
Ice Magic      | 4 5 6 9 |  9.2
Throwing       | 2 4 5 6 |  6.6
Dodging        | |  1.7
Stealth        | |  1.4
Spellcasting   | |  2.4

Action                   |  1- 3 |  4- 6 |  7- 9 || total
-------------------------+-------+-------+-------++-------
Melee: Club              |     6 |       |       ||     6
       Unarmed           |     1 |       |       ||     1
       Dagger            |       |    36 |       ||    36
       Quarterstaff      |       |       |    53 ||    53
       Eveningstar       |       |       |    13 ||    13
Throw: Boomerang         |     2 |     3 |    29 ||    34
       Dart              |       |    39 |    54 ||    93
       Large rock        |       |       |    17 ||    17
 Cast: Freeze            |    49 |    62 |    44 ||   155
       Frozen Ramparts   |       |     3 |     8 ||    11
       Ozocubu's Armour  |       |       |     1 ||     1
Invok: Heroism           |       |       |     4 ||     4
Evoke: Wand              |       |     1 |     3 ||     4
  Use: Scroll            |       |     7 |     6 ||    13
       Potion            |       |       |     4 ||     4
Armor: Robe              |    20 |    20 |    43 ||    83
Dodge: Dodged            |    38 |    39 |    67 ||   144
